 Dungeon Crawl Stone Soup version 0.32-a0-41-gec2d92a32c (webtiles) character file.

Game seed: 8632839292009363217

3 Bravepunisher the Ducker (level 1, -2/11 HPs)
             Began as a Spriggan Monk on Jan 25, 2024.
             Killed by nerve-wracking pain
             ... invoked by Grinder
              (13 damage)
             ... on level 4 of the Dungeon.
             The game lasted 00:03:21 (431 turns).

Bravepunisher the Ducker (Spriggan Monk)             Turns: 431, Time: 00:03:22

Health: -2/11      AC:  2    Str:  7    XL:     1   Next: 41%
Magic:  2/2        EV: 18    Int: 11    God:
Gold:   14         SH:  0    Dex: 17    Spells: 0/0 levels left

rFire   . . .        a - +0 short sword
rCold   . . .        (no shield)
rNeg    . . .        b - +0 robe
rPois   .            (helmet restricted)
rElec   .            (no cloak)
rCorr   .            (gloves unavailable)
SInv    +            (boots unavailable)
Will    .....        (no amulet)
Stlth   ++           (no ring)
HPRegen 0.21/turn    (no ring)
MPRegen 0.08/turn

%: no passive effects
@: very quick
A: very small, no large weapons, unfitting armour, see invisible, speed 3
a: no special abilities


You were on level 4 of the Dungeon.
You visited 1 branch of the dungeon, and saw 4 of its levels.

You collected 14 gold pieces.

Inventory:

Hand Weapons
 a - a +0 short sword (weapon)
Armour
 b - a +0 robe (worn)
 e - a scarf of invisibility
Potions
 c - a potion of ambrosia


   Skills:
 * Level 2.5 Fighting
 - Level 3.2 Short Blades
 + Level 4.1 Dodging


You couldn't memorise any spells.
You didn't know any spells.
Your spell library was empty.

Dungeon Overview and Level Annotations

Branches:
Dungeon (4/15)             Temple (0/1) D:4

Altars:

Shops:
D:4 =**

Annotations:
D:4 Grinder


Innate Abilities, Weirdness & Mutations

You are very small and have problems with some larger weapons.
You are too small for most types of armour.
You have supernaturally acute eyesight. (SInv)
You cover ground extremely quickly. (Speed+++)


Message History

Found a book of Displacement.
Found a mace.
Found a stone staircase leading down.
Found a whip.
There is a stone staircase leading down here.
The bat closely misses you.
You climb downwards.
Level annotation: Grinder
There is a stone staircase leading up here.
The quokka bites you.
You hit the quokka.
The quokka is lightly wounded.
The quokka bites you but does no damage.
You hit the quokka.
The quokka is moderately wounded.
The quokka barely misses you.
You closely miss the quokka.
The quokka is moderately wounded.
The quokka closely misses you.
You hit the quokka.
You kill the quokka!
You start resting.
HP restored.
There is a stone staircase leading up here.
Found a club.
Found a scroll labelled XYORU LIEF.
Found Kesagaug's Assorted Antiques.
The black bear growls angrily.
The kobold throws a stone.
The stone misses you.
Grinder shouts!
The kobold shouts!
Blink to where?
Press: ? - help, Dir - move target
As you read the scroll labelled SOROWA ITZU, it crumbles to dust.
It was a scroll of blinking.
Grinder hits you but does no damage. Grinder attacks as she pursues you!
Grinder hits you but does no damage.
An orc comes into view. It is wielding a +0 dagger.
Grinder gestures at you. Pain shoots through your body!
Ouch! That really hurt!
You die...
Grinder says, "Hey, I wasn't done torturing you yet!"

## ##......... .B..
###.##.##...#..# ... .
###...#o.....##..# #.. .
##.#...........##.# ..## .
#....#............#### ..###.
.....###.#.♣.♣....#..###..#..
.......#....>..##.......h....
#..........♣.♣.#....#........
....$.......@..##.g...##.#...
..............###.K....####.S
###.......)..####...5K.......
............5B#.#...<.......#
...........#......###.#.#.?..
...........K.##.####..####...
.............#..###K..# #.h.
.............#..##...# ##...
.#...#......#.......# #.$..


You could see Grinder, a bombardier beetle, an orc (wandering) and a kobold.

Vanquished Creatures
  A goblin (D:1)
  A quokka (D:4)
  A bat (D:1)
3 creatures vanquished.

Notes
Turn   | Place    | Note
-------+----------+-------------------------------------------
     0 | D:1      | Bravepunisher the Spriggan Monk began the quest for the
                  | Orb.
     0 | D:1      | Reached XP level 1. HP: 11/11 MP: 2/2
   121 | D:4      | Noticed Grinder
   121 | D:4      | Noticed a hound
   121 | D:4      | Found Felynket's Jewellery Shop.
   126 | D:4      | Found Rolabruw's Assorted Antiques.
   144 | D:4      | Paralysed by Grinder for 3 turns
   170 | D:4      | Noticed a black bear
   176 | D:4      | Noticed a bombardier beetle
   185 | D:4      | Found a staircase to the Ecumenical Temple.
   405 | D:4      | Found Kesagaug's Assorted Antiques.
   431 | D:4      | Killed from afar by Grinder

Illustrated notes

Levels and vault maps discovered:
D:1:      psy_arrival_terrarium, layout_basic, serial_forest,
          infiniplex_forest_clump_tiny, infiniplex_forest_lined_room_,
          infiniplex_forest_clump_curved, infiniplex_forest_lined_2,
          infiniplex_forest_clump_small
D:2:      layout_loops_ring, serial_shops,
          nicolae_shop_temple_entry_statues_fountains
D:3:      layout_basic, nemelex_xobeh_ov_fountains_minmay,
          mainiacjoe_overflow_tiny_flanked
D:4:      layout_cave_pools, minmay_temple_entry_trees, serial_shops, shop,
          nicolae_shop_gaudy_bauble, shop, shop, uniq_grinder

Action                     || total
---------------------------++-------
  Melee: Short sword       ||     7
    Use: Scroll            ||     1
   Stab: Sleeping          ||     2
 Armour: Robe              ||    11
  Dodge: Dodged            ||    17

Table legend: (Time is in decaauts)
 A = Elapsed time spent in this place.
 B = Non-inter-level travel time spent in this place.
 C = Inter-level travel time spent in this place.
 D = Time resting spent in this place.
 E = Time spent auto-exploring this place.
 F = Levels seen in this place.
 G = Mean time per level.
                   A        B        C        D        E       F      G
               +--------+--------+--------+--------+--------+-----+--------+
         Total |    287 |    287 |      0 |     43 |     55 |   4 |   71.8 |
       Dungeon |    287 |    287 |      0 |     43 |     55 |   4 |   71.8 |
               +--------+--------+--------+--------+--------+-----+--------+

Top non-repeatable levels by time:
     D:3: 127 daAuts
     D:4: 83 daAuts
     D:1: 56 daAuts
     D:2: 20 daAuts
